[Event "*** Titled Tuesday Blitz"]
[Site "Chess.com"]
[Date "2019.03.05"]
[Round "7"]
[White "Alexander_Donchenko"]
[Black "JonahWillow"]
[Result "0-1"]
[WhiteElo "2731"]
[BlackElo "2681"]
[TimeControl "180+2"]
[EndTime "14:39:50 PST"]
[Termination "JonahWillow won by resignation"]

1. d4 Nf6 2. c4 c5 3. d5 e6 4. Nc3 exd5 5. cxd5 d6 6. Nf3 g6 7. Bf4 Bg7 8. Qa4+ Bd7 9. Qb3 Qc7 10. e4 O-O 11. Nd2 Nh5 12. Be3 f5 13. exf5 Bxf5 14. h3 Nf6 15. g4 Bd7 16. Bg2 Na6 17. O-O Rae8 18. Rae1 Nb4 19. a3 Nd3 20. Re2 Ne5 21.
Nce4 b5 22. Nxf6+ Bxf6 23. Bh6 Rf7 24. f4 Nc4 25. Rxe8+ Bxe8 26. Ne4 Bd4+ 27. Kh1 Ne3 28. Re1 Re7 29. Rxe3 c4 30. Qc2 Bxe3 31. Qc3 Rxe4 32. Bxe4 Bf2 33. Qf6 Qf7 34. Qxd6 Bd4 35. Qb8 Qe7 36.
Kh2 Qxe4 37. Kg3 Qe3+ 38. Kh4 Qf2+ 39. Kg5 Qe3 40. Qd6 Bc5 41. Qf6 Be7 0-1

[Event "*** Titled Tuesday Blitz"]
[Site "Chess.com"]
[Date "2019.03.05"]
[Round "7"]
[White "Doraemon7"]
[Black "TST2014"]
[Result "1-0"]
[WhiteElo "2608"]
[BlackElo "2506"]
[TimeControl "180+2"]
[EndTime "14:39:52 PST"]
[Termination "Doraemon7 won by checkmate"]

1. Nf3 Nf6 2. c4 g6 3. b3 Bg7 4. Bb2 O-O 5. g3 d6 6. d4 e5 7. dxe5 Ng4 8. Nc3 Nxe5 9. Bg2 Nbc6 10. O-O Bg4 11. Re1 Re8 12. h3 Nxf3+ 13. exf3 Rxe1+ 14. Qxe1 Bf5 15. f4 Nd4 16. Rd1 Qd7 17. g4 Re8 18. Qf1 Bxg4 19. hxg4 Qxg4 20. Qd3 Qxf4 21. Nd5 Qg4 22.
Bxd4 Bxd4 23. Qf3 Qh4 24. Qf4 Qxf4 25. Nxf4 Be5 26. Nd3 c6 27. Nxe5 dxe5 28. Rd7 Rb8 29. Re7 f6 30. c5 a5 31. Bf1 b5 32. Rc7 Rd8 33. Rxc6 Kf7 34. Bxb5 Rd1+ 35. Kg2 g5 36. Rc7+ Kg6 37. c6 e4 38. Re7 f5 39. c7 Rc1 40. Bc4 f4 41. c8=Q f3+ 42. Kh2 Rc2 43.
Qe6+ Kh5 44. Rxh7# 1-0

[Event "*** Titled Tuesday Blitz"]
[Site "Chess.com"]
[Date "2019.03.05"]
[Round "7"]
[White "RegZryt"]
[Black "ENEASZ"]
[Result "1-0"]
[WhiteElo "2453"]
[BlackElo "2365"]
[TimeControl "180+2"]
[EndTime "14:39:55 PST"]
[Termination "RegZryt won by resignation"]

1. d4 d5 2. c4 e6 3. Nf3 Nf6 4. Nc3 a6 5. c5 b6 6. cxb6 c5 7. Qb3 Bb7 8. Na4 c4 9. Qc2 Nbd7 10. b3 Rc8 11. e3 Nxb6 12. Nxb6 Qxb6 13. bxc4 dxc4 14.
Rb1 Qa5+ 15. Bd2 c3 16. Rxb7 cxd2+ 17. Qxd2 Qd5 18. Bxa6 Ne4 19. Qb2 Qa5+ 20. Nd2 Qxa6 21. Nxe4 Ba3 22. Qb5+ Qxb5 23. Rxb5 Rc1+ 24. Ke2 Rxh1 25.
Rb8+ Ke7 26. Rxh8 Rxh2 27. g3 h5 28. Ra8 Bb2 29. a4 Rh1 30. a5 f5 31. Nc5 Ra1 32.
Ra6 g5 33. Rxe6+ Kf7 34. a6 Kg7 35. Kf3 f4 36. gxf4 g4+ 37. Ke4 h4 38. f5 h3 39.
Rg6+ Kf7 40. Rh6 Ba3 41. Ne6 Bd6 42. Nf4 Rxa6 43. Rh4 Ra1 44. Rh7+ Kg8 45. Rh5 Kf7 46. Rh7+ Kg8 47. Rh6 Bf8 48. Rh4 Kf7 49. Ng6 Rf1 50. Ne5+ Kg7 51. Nxg4 Rh1 52. Kf3 Bd6 53. Ne5 Bb8 54. Kg3 Bc7 55. Rxh3 Rg1+ 56. Kf4 Ra1 1-0

[Event "*** Titled Tuesday Blitz"]
[Site "Chess.com"]
[Date "2019.03.05"]
[Round "7"]
[White "Micki-taryan"]
[Black "Durarbayli"]
[Result "1-0"]
[WhiteElo "2956"]
[BlackElo "2783"]
[TimeControl "180+2"]
[EndTime "14:39:57 PST"]
[Termination "Micki-taryan won by resignation"]

1. e4 e5 2. Nf3 Nc6 3. Bb5 a6 4.
Ba4 Nge7 5. O-O Ng6 6. c3 d5 7. d3 dxe4 8. dxe4 Qxd1 9. Rxd1 Bd7 10. Be3 f6 11. Nbd2 Rd8 12. Nf1 Na5 13. Rxd7 Rxd7 14. Bxd7+ Kxd7 15. N3d2 c5 16. f3 Nf4 17. Rd1 Kc7 18. g3 Nd3 19. b3 Be7 20. Bf2 Rd8 21. Rb1 b5 22. c4 Nc6 23. Ne3 Ncb4 24. Nd5+ Nxd5 25. exd5 f5 26. Kf1 Bg5 27. f4 exf4 28. Nf3 Be7 29. gxf4 Nxf4 30. Bg3 Bd6 31. Ng5 Re8 32.
Bxf4 Bxf4 33. Ne6+ Rxe6 34. dxe6 Kd6 35. cxb5 axb5 36.
a4 Kxe6 37. axb5 Kd6 38. Rd1+ Kc7 39. Rd5 Kb6 40. h3 g6 41. Rd7 h6 42. Ke2 Kxb5 43. Kd3 g5 44. Rd5 Kb4 45. Rxf5 Kxb3 46. Rxc5 Kb4 47. Rf5 Bc1 48. Rf8 Bf4 49. Rc8 Kb5 50. Ke4 Bd2 51. Rc2 Bf4 52. Kf5 Be3 53. Kg4 Kb4 54. Rc6 Kb5 55. Rxh6 Kc5 56. Rg6 Kd5 57. Rxg5+ Ke6 58. Rf5 Bc1 59. Rf3 Bd2 60. Kh5 1-0

[Event "*** Titled Tuesday Blitz"]
[Site "Chess.com"]
[Date "2019.03.05"]
[Round "7"]
[White "Karina_Oparina"]
[Black "JSMastropiero"]
[Result "1-0"]
[WhiteElo "2181"]
[BlackElo "2225"]
[TimeControl "180+2"]
[EndTime "14:39:59 PST"]
[Termination "Karina_Oparina won by resignation"]

1. Nf3 Nf6 2. g3 b6 3. Bg2 Bb7 4. O-O c5 5. c4 g6 6. d4 cxd4 7. Nxd4 Bxg2 8. Kxg2 Bg7 9. Nc3 O-O 10. e4 d6 11. b3 Qc8 12. f3 Qb7 13. Be3 Nbd7 14.
Rc1 a6 15. Nd5 Rfe8 16. Qe2 e6 17. Nxf6+ Bxf6 18. Rfd1 Rac8 19. Nc2 Be7 20. Bf4 Ne5 21. Bxe5 dxe5 22. b4 Qc6 23. c5 bxc5 24. Ne1 Qb5 25. Qxb5 axb5 26. bxc5 Bxc5 27. Rb1 Rb8 28. Nd3 Bd4 29.
Nb4 Rec8 30. Rdc1 Rc4 31. Nc6 Ra8 32. Nb4 Bc3 33. Nd3 Rxa2+ 34. Kh3 b4 35. Nxe5 Rd4 36.
Nc6 Rdd2 37. Nxb4 Rxh2+ 38. Kg4 h5+ 39. Kg5 Kg7 40. Rxc3 e5 41. Nd5 Rag2 42. f4 Rh4 43. Kxh4 Kh6 44. Kh3 1-0

[Event "*** Titled Tuesday Blitz"]
[Site "Chess.com"]
[Date "2019.03.05"]
[Round "7"]
[White "LarissaSteenbekkers"]
[Black "XiaoKangZhong"]
[Result "1-0"]
[WhiteElo "2011"]
[BlackElo "2083"]
[TimeControl "180+2"]
[EndTime "14:40:01 PST"]
[Termination "LarissaSteenbekkers won by resignation"]

1. e4 c5 2. Nf3 e6 3. d4 cxd4 4. Nxd4 Nc6 5. Nc3 Qc7 6. g3 a6 7. Bg2 Nf6 8. O-O d6 9. Re1 Be7 10. Nxc6 bxc6 11. e5 dxe5 12. Rxe5 Qxe5 13. Bxc6+ Bd7 14.
Bxa8 O-O 15. Bf4 Qc5 16. Bg2 Rd8 17. Ne4 Nxe4 18. Bxe4 Bc6 19. Qe2 Bxe4 20. Qxe4 Bf6 21. c3 Qb5 22. Rb1 Rc8 23. h4 a5 24. a3 a4 25. Qb4 Qxb4 26. axb4 e5 27. Be3 Ra8 28. b5 e4 29. b6 Rb8 30. c4 Kf8 31. c5 Bd8 32. Bf4 Rb7 33. Bd6+ Ke8 34.
Ra1 Bxb6 35. cxb6 Rxb6 36. Bf4 Rb4 37. Kg2 h6 38. Ra3 f6 39. Be3 g5 40. hxg5 hxg5 41. Kf1 Kf7 42. Ke1 Kg6 43. Kd1 Rxb2 44. Rxa4 f5 45. Ra6+ Kh5 46. Ke1 Rb5 47. Rf6 Kg4 48.
Rg6 f4 49. gxf4 Kf3 50. Rxg5 Rb2 51. f5 Re2+ 52. Kd1 Ra2 53. f6 Ra7 54. Rf5+ Kg4 55. Rf4+ Kh5 56. f7 Rd7+ 57. Ke2 Rxf7 58. Rxf7 1-0

[Event "*** Titled Tuesday Blitz"]
[Site "Chess.com"]
[Date "2019.03.05"]
[Round "7"]
[White "fish7728"]
[Black "LukasHandler"]
[Result "0-1"]
[WhiteElo "2241"]
[BlackElo "2372"]
[TimeControl "180+2"]
[EndTime "14:40:02 PST"]
[Termination "LukasHandler won by resignation"]

1. d4 Nf6 2. c4 e6 3. Nc3 d5 4. cxd5 exd5 5. Bg5 c6 6. e3 Nbd7 7. Bd3 Bd6 8. Nf3 Nf8 9. Qc2 Ng6 10. O-O-O Qc7 11. e4 Nxe4 12. Nxe4 dxe4 13. Bxe4 Be6 14. Kb1 Qa5 15. a3 f6 16. Bd2 Qb5 17. Bd3 Qb3 18. Rhe1 Qa2+ 19. Kc1 Qa1+ 20. Qb1 Qxb1+ 21. Kxb1 Kf7 22. h3 Bd5 23. Re2 Rhe8 24. Rde1 Rxe2 25. Bxe2 Rd8 26. Be3 Ne7 27. g3 Nf5 28. Bd2 Bc7 29. Bc3 Bb6 30. Rd1 Re8 31. Ng1 Nd6 32. Bf3 Ne4 33.
Be1 g6 34. Kc1 Bb3 35. Rd3 Bc4 36. Re3 Bd5 37. Bxe4 Bxe4 38. f3 Bxd4 39. Rxe4 Rxe4 40. fxe4 Bxg1 41. Kd2 Bd4 42. b3 Ke6 43. Kd3 Bc5 44. a4 f5 45. exf5+ Kxf5 46. g4+ Kf4 47. Kc4 Be3 48. b4 a6 49. Kd3 Kf3 50. Bh4 Bb6 51. Kc4 Kg2 52. Bf6 Kxh3 53. g5 Kg4 54. b5 cxb5+ 55. axb5 Kf5 56. bxa6 bxa6 57. Kd5 Be3 58.
Kc6 Bxg5 0-1

[Event "*** Titled Tuesday Blitz"]
[Site "Chess.com"]
[Date "2019.03.05"]
[Round "7"]
[White "r31415"]
[Black "DawidCzerw"]
[Result "0-1"]
[WhiteElo "2324"]
[BlackElo "2265"]
[TimeControl "180+2"]
[EndTime "14:40:03 PST"]
[Termination "DawidCzerw won by resignation"]

1. e4 c5 2. Nf3 g6 3. d4 cxd4 4. Qxd4 Nf6 5. e5 Nc6 6. Qa4 Nd5 7. Qe4 Nb6 8. Bf4 Bg7 9. Nc3 d5 10. exd6 O-O 11. dxe7 Nxe7 12. Rd1 Qe8 13. Bd3 Bf5 14. Qe2 Ned5 15. Nxd5 Nxd5 16. Bd6 Qc6 17. Bxf8 Re8 18. Bxg7 Rxe2+ 19. Bxe2 Kxg7 20. Nd4 Qf6 21. Nxf5+ Qxf5 22. O-O Nf4 23. Bd3 Qg4 24. Be4 Ne2+ 25. Kh1 Qxe4 26. Rd2 Nf4 27. f3 Qe3 28. Rfd1 h5 29. h3 h4 30. Rd4 g5 31. b3 Nh5 32. R4d2 Ng3+ 33. Kh2 Qf4 34. Rd4 Qe5 35. Rd5 Qe3 36. R1d3 Qf2 37. Rxg5+ Kf6 38. Rg4 Nf1+ 39. Kh1 Ne3 40. Rg8 Nf5 41. c4 Ng3+ 42. Kh2 Qf1 43. Rd6+ Ke7 44.
Rd1 Qxd1 0-1

[Event "*** Titled Tuesday Blitz"]
[Site "Chess.com"]
[Date "2019.03.05"]
[Round "7"]
[White "zeitnot2006"]
[Black "MatBobula"]
[Result "1-0"]
[WhiteElo "2196"]
[BlackElo "2269"]
[TimeControl "180+2"]
[EndTime "14:40:04 PST"]
[Termination "zeitnot2006 won by resignation"]

1. c4 e6 2. e3 d5 3. b3 c5 4. Nf3 Nc6 5. d4 cxd4 6. Nxd4 Nxd4 7. Qxd4 Nf6 8. cxd5 Qxd5 9. Qxd5 Nxd5 10. Bb5+ Bd7 11. Bxd7+ Kxd7 12. Bb2 Bb4+ 13. Ke2 f6 14. Nd2 Rac8 15. Rac1 e5 16. g4 Ke6 17. h4 a6 18. Ne4 Rhd8 19. Rhd1 Be7 20. Ng3 g6 21. Ne4 f5 22. gxf5+ gxf5 23. Ng5+ Bxg5 24. hxg5 Rxc1 25. Rxc1 Rg8 26. Rh1 Rxg5 27. Rxh7 Rg1 28. Rxb7 Rb1 29. Ba3 Ra1 30. Kf3 Rxa2 31. Bc5 e4+ 32. Kg3 a5 33. Ra7 Rc2 34. Ra6+ Kf7 35. Rxa5 Nf6 36. Bd4 Nh5+ 37.
Kh4 Nf6 38. Rxf5 Kg6 39. Rxf6+ Kh7 40. Rf7+ Kg6 41. Rf6+ Kg7 42. Rf4+ Kh7 43. Rxe4 Rxf2 44. Rf4 Rc2 45. b4 Rc6 46. b5 Rg6 47. b6 Rg8 48. b7 Kh6 49. Rf6+ Kh7 50. Rc6 Rb8 51. Rc7+ Kh6 52.
Ba7 Rg8 53. b8=Q 1-0

[Event "*** Titled Tuesday Blitz"]
[Site "Chess.com"]
[Date "2019.03.05"]
[Round "7"]
[White "andy_rekt"]
[Black "Chessmatus"]
[Result "1-0"]
[WhiteElo "2222"]
[BlackElo "2273"]
[TimeControl "180+2"]
[EndTime "14:40:07 PST"]
[Termination "andy_rekt won by resignation"]

1. d4 Nf6 2. c4 g6 3. Nc3 d5 4.
Bf4 Bg7 5. e3 O-O 6. Nf3 c5 7.
dxc5 Ne4 8. Rc1 Nxc3 9. bxc3 Nd7 10.
cxd5 Qa5 11. Qd2 Nxc5 12. Be5 f6 13. Bd4 Rd8 14. Bc4 Kh8 15. O-O Bf5 16. Nh4 Be4 17. f3 Bxd5 18. Bxd5 Rxd5 19. e4 Rdd8 20. Qe3 Ne6 21. Rfd1 Nxd4 22. cxd4 Rac8 23. Qb3 Qg5 24. Rxc8 Rxc8 25. g3 b6 26. Qe6 Qe3+ 27. Kg2 Rc2+ 28. Kh3 Qe2 29. Rh1 Qb5 30. Qxe7 Rc8 31. Rc1 Rf8 32. Rc7 Rg8 33. d5 Qf1+ 34. Kg4 h5+ 35. Kf4 g5+ 36. Kf5 gxh4 37. Qa3 Qh3+ 38. g4 hxg4 39.
Rxg7 gxf3+ 40. Kxf6 Re8 41. Qc3 Rf8+ 42. Rf7 Kg8 43. Rxf8+ Kxf8 44. Qc6 Qg4 45. Qa8+ 1-0

[Event "*** Titled Tuesday Blitz"]
[Site "Chess.com"]
[Date "2019.03.05"]
[Round "7"]
[White "Pechen_Yeltsina"]
[Black "Muguet7"]
[Result "1-0"]
[WhiteElo "2645"]
[BlackElo "2446"]
[TimeControl "180+2"]
[EndTime "14:40:09 PST"]
[Termination "Pechen_Yeltsina won by resignation"]

1. e4 c5 2. Nf3 d6 3. g3 Nf6 4. d3 Nc6 5. Bg2 g6 6. O-O Bg7 7. Re1 O-O 8. c3 e5 9. a3 Re8 10. b4 a6 11. Nbd2 b5 12. bxc5 dxc5 13. Nb3 c4 14. dxc4 bxc4 15. Nbd2 Be6 16. Qa4 Qc7 17. Nxc4 Na7 18. Ncxe5 Nd7 19. Nxd7 Bxd7 20. Qd1 Bxc3 21. Bf4 Qd8 22. Re3 Bxa1 23. Qxa1 Ba4 24. Re1 Rc8 25. h4 Nb5 26. h5 Nc3 27. h6 f6 28. e5 Qd3 29. exf6 Rxe1+ 30. Qxe1 Qd1 31.
Qxd1 Bxd1 32. Ng5 Ne2+ 33. Kh2 Nxf4 34. gxf4 Bb3 35. Bb7 Rc2 36. Kg3 a5 37. Be4 Ra2 38. f5 Rxa3 39. f3 gxf5 40. Bxf5 Bd5 41. Bxh7+ Kf8 42.
Bg6 Bg8 43. f7 Bxf7 44. h7 Kg7 45. Nxf7 Kxg6 46. h8=Q Kxf7 47. Qb8 Ra1 48. Qb3+ Ke7 49. Qe3+ Kf7 50. Qf4+ Kg6 51. Qd6+ Kf5 52. Qd5+ Kg6 53. Qe6+ Kh7 54. Qf7+ Kh6 55. Qf6+ Kh5 56. Qxa1 1-0

[Event "*** Titled Tuesday Blitz"]
[Site "Chess.com"]
[Date "2019.03.05"]
[Round "7"]
[White "Winehouse83"]
[Black "volcanoexplorer"]
[Result "1-0"]
[WhiteElo "2525"]
[BlackElo "2372"]
[TimeControl "180+2"]
[EndTime "14:40:09 PST"]
[Termination "Winehouse83 won by resignation"]

1. d4 Nf6 2. c4 e6 3. Nf3 b6 4. a3 Bb7 5. Nc3 Be7 6. d5 exd5 7. cxd5 O-O 8. g3 d6 9. Bg2 Nbd7 10. Nd4 Ne5 11. Bf4 Qd7 12. O-O h6 13. Qc2 Ng6 14.
Bc1 a6 15. Nf5 Rfe8 16. Rd1 Bf8 17. b4 Re5 18. e4 Ree8 19. Bb2 Ne5 20. h3 g6 21. Ne3 Bg7 22. f4 Nh5 23. Qf2 Nc4 24.
Nxc4 f5 25. e5 dxe5 26. fxe5 b5 27. e6 Qe7 28. Na5 Rab8 29. Nxb7 Rxb7 30. d6 cxd6 31. Bxb7 Qxb7 32. Rxd6 Be5 33. Rd3 Qc6 34. Nd5 Qc4 35. Rad1 Bb8 36. e7 Qe4 37. Qd4 Qxd4+ 38. Bxd4 Nxg3 39.
Nf6+ Kf7 40. Nxe8 Kxe8 41. Rxg3 Bxg3 42. Bc5 Bc7 43. Kg2 g5 44. Kf3 h5 45. Rd5 g4+ 46. Kg2 f4 47. Rxh5 f3+ 48. Kf1 Be5 49.
hxg4 1-0

[Event "*** Titled Tuesday Blitz"]
[Site "Chess.com"]
[Date "2019.03.05"]
[Round "7"]
[White "AdrianaNikolova"]
[Black "Zarikovs1999"]
[Result "1-0"]
[WhiteElo "2443"]
[BlackElo "2300"]
[TimeControl "180+2"]
[EndTime "14:40:09 PST"]
[Termination "AdrianaNikolova won by resignation"]

1. d4 Nf6 2. Bf4 e6 3. Nf3 c5 4. e3 Nc6 5. c3 cxd4 6. exd4 d5 7. Nbd2 Bd6 8. Ne5 Qe7 9. Ndf3 Nd7 10. Bg3 Ndxe5 11. Nxe5 Nxe5 12. dxe5 Bc5 13. Bb5+ Bd7 14. Qa4 a6 15. Bxd7+ Qxd7 16. Qxd7+ Kxd7 17. O-O-O Kc6 18. f3 Rad8 19. Rhe1 b5 20. Rd3 Rd7 21. Bh4 h6 22. f4 b4 23. Kc2 bxc3 24. Rxc3 Kb6 25. Kd3 Rc8 26. b4 Bxb4 27. Rxc8 Bxe1 28. Bxe1 Kb7 29.
Rg8 g6 30. g4 Rc7 31. Rh8 Rc4 32. Bd2 Ra4 33. Rxh6 Ra3+ 34. Ke2 Rxa2 35. Rh7 Kc6 36.
Rxf7 d4 37. Kd3 a5 38. h4 a4 39. h5 gxh5 40. gxh5 a3 41. h6 Ra1 42. h7 Rh1 43.
Ra7 a2 44. Rxa2 Rxh7 45. Kxd4 Rd7+ 46. Ke4 Rb7 47. Ra6+ Kd7 48. Be3 Ke7 49. Ra7 1-0

[Event "*** Titled Tuesday Blitz"]
[Site "Chess.com"]
[Date "2019.03.05"]
[Round "7"]
[White "quesfr"]
[Black "CzechmVIII"]
[Result "1-0"]
[WhiteElo "2240"]
[BlackElo "2129"]
[TimeControl "180+2"]
[EndTime "14:40:11 PST"]
[Termination "quesfr won by resignation"]

1. e4 c5 2. c3 d5 3. exd5 Nf6 4. Bb5+ Nbd7 5. d4 a6 6. Be2 Nxd5 7. Nf3 cxd4 8.
Qxd4 e6 9. O-O Qb6 10. c4 Qxd4 11. Nxd4 Nb4 12. Nc3 Bc5 13. Nb3 Be7 14. Bf4 O-O 15. Rad1 Nc5 16. Nxc5 Bxc5 17. Bf3 Nc6 18. Bd6 Bxd6 19.
Rxd6 Ne5 20. Be2 Ng6 21. f4 e5 22. fxe5 Nxe5 23. Nd5 Be6 24. Nc7 Rac8 25. Nxe6 fxe6 26.
Rxf8+ Kxf8 27. b3 Ke7 28. Rd1 Rd8 29. Rxd8 Kxd8 30. Kf2 Ke7 31. Ke3 Kd6 32. b4 b6 33.
Ke4 Nd7 34. a3 a5 35. h4 axb4 36. axb4 h6 37. Bd1 Nf6+ 38. Kd4 g5 39. hxg5 hxg5 40.
c5+ bxc5+ 41. bxc5+ Ke7 42. Ba4 Nd7 43. Bxd7 Kxd7 44. Ke5 Kc6 45. Kxe6 Kxc5 46. Kf5 Kd6 47. Kxg5 Ke7 48. Kg6 Kf8 49. Kh7 1-0

[Event "*** Titled Tuesday Blitz"]
[Site "Chess.com"]
[Date "2019.03.05"]
[Round "7"]
[White "nochewycandy"]
[Black "fmshawnrl123"]
[Result "1/2-1/2"]
[WhiteElo "2390"]
[BlackElo "2595"]
[TimeControl "180+2"]
[EndTime "14:40:13 PST"]
[Termination "Game drawn by agreement"]

1. e4 c6 2. Nc3 d5 3. Nf3 dxe4 4. Nxe4 Nf6 5. Nxf6+ exf6 6. d4 Bd6 7. Bd3 O-O 8.
O-O Nd7 9. c4 Re8 10. g3 Nf8 11.
Kg2 Ng6 12. h3 Be6 13. Be3 Qd7 14. Rh1 Rad8 15. Qc2 Bb8 16. Rae1 b5 17. b3 a5 18. Bd2 a4 19. Ba5 axb3 20. axb3 bxc4 21. bxc4 Rc8 22.
Bc3 Re7 23. Re3 Rce8 24. Bb4 Bd6 25. Bxd6 Qxd6 26. Rhe1 Qd7 27. h4 Bh3+ 28. Kh2 Bg4 29. Rxe7 Rxe7 30. Bxg6 hxg6 31. Rxe7 Qxe7 32. Qd3 Qb4 33.
Nd2 Bf5 34. Qe2 Qb2 35. Qe3 Qc1 36. d5 cxd5 37. cxd5 Qc7 38. Qd4 Qe5 39. Nf3 Qxd4 40. Nxd4 Be4 41. d6 Kf8 42. f3 Bb7 43. Kg2 Ke8 44.
Nb3 g5 45. Nc5 Bc6 46. hxg5 fxg5 47. Kf2 f5 48. Ke3 Kf7 49. f4 Kf6 50. fxg5+ Kxg5 51. d7 Bxd7 52. Nxd7 Kg4 53. Kf2 f4 54. Ne5+ Kf5 55. gxf4 Kxf4 1/2-1/2

[Event "*** Titled Tuesday Blitz"]
[Site "Chess.com"]
[Date "2019.03.05"]
[Round "7"]
[White "mlchen"]
[Black "JoachimMouhamad"]
[Result "1-0"]
[WhiteElo "2442"]
[BlackElo "2314"]
[TimeControl "180+2"]
[EndTime "14:40:15 PST"]
[Termination "mlchen won by checkmate"]

1. e4 c6 2. d4 d5 3. exd5 cxd5 4. c4 Nf6 5. Nc3 Nc6 6. Nf3 Bg4 7. cxd5 Nxd5 8.
Be2 e6 9. O-O Be7 10. h3 Bh5 11.
Ne4 O-O 12. a3 Rc8 13. b4 f5 14. Nc5 Bxc5 15. dxc5 Nc3 16. Qe1 Nxe2+ 17. Qxe2 Nd4 18. Qe3 Bxf3 19. gxf3 f4 20. Qe4 Qg5+ 21. Kh2 Qd5 22. Qxd5 exd5 23. Rd1 Nxf3+ 24. Kg2 Nh4+ 25. Kf1 Rf5 26.
Rd4 g5 27. Bb2 Re8 28. Rad1 Rd8 29. b5 Kf7 30. c6 bxc6 31. bxc6 Rc8 32. Rxd5 Rxd5 33.
Rxd5 Rxc6 34. Rxg5 Rc2 35. Bd4 f3 36. Ke1 Ra2 37.
Rg7+ Ke6 38. Rxa7 Kd5 39. Bb6 Ng2+ 40. Kd1 h5 41. a4 Nf4 42. Rf7 Rxa4 43. Be3 Ra1+ 44.
Kd2 Ra2+ 45. Kd1 Ra1+ 46. Kc2 Nxh3 47. Rxf3 Ng1 48. Rf5+ Ke4 49. Rxh5 Ra2+ 50. Kb3 Re2 51. Rh4+ Kd3 52. Rd4# 1-0

[Event "*** Titled Tuesday Blitz"]
[Site "Chess.com"]
[Date "2019.03.05"]
[Round "7"]
[White "M1711"]
[Black "Cryptochess"]
[Result "0-1"]
[WhiteElo "2507"]
[BlackElo "2544"]
[TimeControl "180+2"]
[EndTime "14:40:17 PST"]
[Termination "Cryptochess won by resignation"]

1. d4 Nf6 2. Bg5 g6 3. Bxf6 exf6 4. e3 d5 5. g3 c5 6. Bg2 Nc6 7. dxc5 Be6 8. Nc3 Bxc5 9. Bxd5 Qa5 10. Bxe6 fxe6 11.
Qg4 f5 12. Qc4 O-O-O 13. Qxe6+ Kb8 14. Ne2 Rhe8 15. Qb3 Ne5 16. O-O Nf3+ 17. Kg2 Nd2 18. Qf7 Nxf1 19. Kxf1 Re7 20. Qf6 Red7 21. Nf4 Qb4 22.
Nd3 Qb6 23. Qxb6 Bxb6 24. h4 Ba5 25. Ne2 Rc8 26. Nd4 Bb6 27. c3 a5 28. Kg2 a4 29.
a3 Re7 30. h5 Bxd4 31. exd4 Re2 32. hxg6 hxg6 33. Kf3 Rce8 34. Ne5 Rxb2 35. Nxg6 Rc8 36. Rf1 Rxc3+ 37. Kf4 Rxa3 38. Ne5 Rc3 39. Kxf5 a3 40. Nd7+ Kc7 41. Nc5 a2 42. Ra1 Ra3 43. Rc1 a1=Q 44. Rxa1 Rxa1 45. f4 b6 46. Ne4 Re1 47. Nf6 Kd6 48.
g4 Rb5+ 49. Kg6 Rb4 50. f5 Rxd4 51. g5 b5 52. Kf7 b4 53. g6 b3 54. g7 Re7+ 55.
Kf8 Rxg7 56. Kxg7 b2 57. Ne8+ Kc6 58. Kf7 b1=Q 59. Ng7 Rd7+ 60. Kg6 Rxg7+ 0-1

[Event "*** Titled Tuesday Blitz"]
[Site "Chess.com"]
[Date "2019.03.05"]
[Round "7"]
[White "MaxiAMueller"]
[Black "witcher8"]
[Result "1-0"]
[WhiteElo "2273"]
[BlackElo "2342"]
[TimeControl "180+2"]
[EndTime "14:40:18 PST"]
[Termination "MaxiAMueller won by checkmate"]

1. e4 c6 2. Ne2 d5 3. e5 Bf5 4.
Ng3 Bg6 5. h4 h6 6. h5 Bh7 7. e6 fxe6 8. d4 c5 9. Nc3 cxd4 10.
Qxd4 Nc6 11. Bb5 Nf6 12. Bf4 Qb6 13. Qxb6 axb6 14. O-O-O O-O-O 15. Rhe1 e5 16. Bxe5 Nxe5 17. Rxe5 e6 18. Rxe6 Bc5 19. Na4 Bxf2 20. Nh1 Bh4 21. Nxb6+ Kc7 22. Na4 Ne4 23. c4 d4 24. c5 Rd5 25.
Bd3 Nxc5 26. Nxc5 Rxc5+ 27. Kd2 Bg5+ 28. Ke2 Bxd3+ 29. Kxd3 Rb5 30. b3 Kb8 31. Ng3 Ra5 32. a4 Rc8 33. Ne4 Be3 34. Re7 Rxh5 35. Rf1 Ra5 36.
Rff7 Ra7 37. Nd6 Rc3+ 38. Ke4 Ra5 39. Rxb7+ Ka8 40. Rf8+ Rc8 41. Rxc8# 1-0

[Event "*** Titled Tuesday Blitz"]
[Site "Chess.com"]
[Date "2019.03.05"]
[Round "7"]
[White "UCantHandleDenker"]
[Black "Barcelona_Guy"]
[Result "1/2-1/2"]
[WhiteElo "2544"]
[BlackElo "2728"]
[TimeControl "180+2"]
[EndTime "14:40:20 PST"]
[Termination "Game drawn by stalemate"]

1. Nf3 Nf6 2. g3 d5 3. Bg2 e6 4.
O-O Be7 5. d3 O-O 6. Nbd2 a5 7.
e4 a4 8. a3 Nc6 9. e5 Nd7 10.
Re1 f6 11. exf6 Nxf6 12. c4 Bd7 13. Qe2 Re8 14. h4 Bc5 15. Nf1 Ng4 16. d4 Bf8 17. Ne3 Nxe3 18. Bxe3 h6 19. Qd3 Qf6 20. cxd5 exd5 21.
Ne5 Nxe5 22. dxe5 Rxe5 23. Bxd5+ Be6 24. Bxb7 Rd8 25. Qc3 Bd6 26. Bg2 c5 27. Bf4 Rxe1+ 28. Rxe1 Qxc3 29. bxc3 Bxf4 30. Rxe6 Bd2 31. Ra6 Bxc3 32.
Rxa4 Rd1+ 33. Kh2 Rd2 34. f3 Bd4 35. Rc4 Kf7 36. Kh3 Ke6 37. f4 Rd3 38. Bf1 Rxa3 39. Rc2 Rc3 40. Rxc3 Bxc3 41. Kg4 Kd5 42. Kf5 c4 43. h5 Ba1 44. g4 Kd4 45. Bxc4 Kxc4 46. g5 Kd5 47. gxh6 gxh6 48. Kg6 Ke6 49. Kxh6 Kf6 50.
Kh7 Kf7 51. Kh6 Bf6 52. Kh7 Bg7 53. f5 Be5 54. h6 Bf6 1/2-1/2

[Event "*** Titled Tuesday Blitz"]
[Site "Chess.com"]
[Date "2019.03.05"]
[Round "7"]
[White "GrandGlacier"]
[Black "wanyaland"]
[Result "1-0"]
[WhiteElo "2172"]
[BlackElo "2132"]
[TimeControl "180+2"]
[EndTime "14:40:21 PST"]
[Termination "GrandGlacier won by resignation"]

1. e4 e5 2. Nf3 Nc6 3. Bb5 a6 4. Ba4 Nf6 5. O-O b5 6. Bb3 Bc5 7. c3 d6 8. d4 Bb6 9. h3 Bb7 10. Re1 h6 11. Be3 exd4 12. cxd4 O-O 13. Nc3 Na5 14. Bc2 b4 15. e5 bxc3 16. exf6 Qxf6 17. bxc3 Bxf3 18. Qd3 g6 19. gxf3 Kh7 20. Kg2 Nc6 21. h4 Ne7 22. h5 Nf5 23. Qe4 Rae8 24. Qg4 Rg8 25. Kh3 c5 26. Qf4 cxd4 27. cxd4 Kg7 28.
Rad1 Nxe3 29. Qxf6+ Kxf6 30. fxe3 gxh5 31. Be4 Rg5 32.
Rb1 Bd8 33. Rb7 Ra5 34. Bd3 d5 35. Re2 Ra3 36. Rb3 Ra4 37. Rc3 Be7 38. Rc6+ Kg7 39.
Rxa6 Bg5 40. f4 Be7 41. Rxa4 1-0

[Event "*** Titled Tuesday Blitz"]
[Site "Chess.com"]
[Date "2019.03.05"]
[Round "7"]
[White "StoreySniper"]
[Black "Hieronymus00"]
[Result "1-0"]
[WhiteElo "2379"]
[BlackElo "2200"]
[TimeControl "180+2"]
[EndTime "14:40:21 PST"]
[Termination "StoreySniper won by resignation"]

1. f4 Nf6 2. Nf3 g6 3. g3 Bg7 4.
Bg2 O-O 5. d3 d5 6. e3 c5 7. O-O Nc6 8. c3 Qc7 9. Na3 e5 10. Nb5 Qb8 11. fxe5 Nxe5 12. Nxe5 Qxe5 13. e4 Bg4 14. Bf4 Qh5 15. Qb3 dxe4 16. dxe4 a6 17.
Nd6 b5 18. e5 Be6 19. Qd1 Ng4 20. h3 Nxe5 21. Qxh5 gxh5 22. Bxa8 Rxa8 23. Kh2 Nd3 24. Rab1 Nxf4 25. gxf4 Rd8 26. Rbd1 Bxa2 27. Nf5 Rxd1 28. Rxd1 Bf8 29. Ra1 Be6 30. Ng3 Bd6 31. Nxh5 Kf8 32. Rxa6 Ke7 33. Ra7+ Kd8 34. Kg3 b4 35. cxb4 cxb4 36.
Nf6 h6 37. Ne4 Be7 38. Ra8+ Kd7 39. Ra5 b3 40. Nc5+ Bxc5 41. Rxc5 Kd6 42. Rh5 Bd5 43. Rxh6+ Kc5 44. Rh5 Kd4 45. Rxd5+ Kxd5 46. h4 Ke6 47.
Kg4 Kf6 48. h5 Kg7 49. Kg5 f6+ 50. Kf5 Kh6 51. Kxf6 Kxh5 52. f5 1-0

[Event "*** Titled Tuesday Blitz"]
[Site "Chess.com"]
[Date "2019.03.05"]
[Round "7"]
[White "GameOverBro"]
[Black "toog"]
[Result "1-0"]
[WhiteElo "2383"]
[BlackElo "2230"]
[TimeControl "180+2"]
[EndTime "14:40:24 PST"]
[Termination "GameOverBro won by resignation"]

1. a3 Nf6 2. b3 d5 3. c3 c5 4. d3 Nc6 5. e3 e5 6. f3 h5 7.
Ra2 h4 8. Nh3 Bd6 9. g4 hxg3 10.
hxg3 e4 11. f4 Bg4 12. Qd2 Bf3 13. Rg1 Ng4 14. dxe4 Bxe4 15. Rb2 Qf6 16. Qe2 Qg6 17.
Nf2 Nxf2 18. Qxf2 Bxb1 19. g4 Be4 20. c4 O-O-O 21. cxd5 Bxd5 22. Rd2 Qb1 23. Rc2 Bxb3 24. Rc3 c4 25. Bxc4 Bxa3 26. Bxb3 Bxc1 27. Bc2 Bd2+ 28. Ke2 Qb5+ 29. Bd3 Bxe3 30. Qxe3 Qd5 31. Be4 Qb5+ 32. Kf2 Rhe8 33. Rgc1 Qb4 34. Rc4 Qb6 35. Qxb6 axb6 36. Bxc6 bxc6 37. Rxc6+ Kb7 38. Rc7+ Ka6 39.
Rxf7 Rd2+ 40. Kg3 g5 41. Ra1+ Kb5 42. Rf5+ Kc4 43. fxg5 Rd3+ 44. Kf4 b5 45. Rc1+ Kd4 46. g6 Rg8 47. Kg5 Ke4 48. Rxb5 Rd6 49. Re1+ Kf3 50. Rf5+ Kg3 51. Rf6 Rd5+ 52. Kh6 Kxg4 53. Rg1+ Kh4 54. Kh7 Rdd8 55. g7 1-0